 Dungeon Crawl Stone Soup version 0.25.1-2-g60ff931df9 (webtiles) character file.

Game seed: 16148229190942301731

330900 DildoBatman the Necromancer (level 22, -1/159 HPs)
             Began as a Formicid Wizard on Aug 13, 2020.
             Was an Initiate of Gozag.
             Slain by a reaper
             ... wielding a +0 scythe of freezing
             ... summoned by a deep elf demonologist
             ... led by an ironheart preserver
              (8 damage)
             ... on level 4 of the Vaults on Aug 14, 2020.
             The game lasted 03:24:36 (42693 turns).

DildoBatman the Necromancer (Formicid Wizard)      Turns: 42693, Time: 03:24:37

Health: -1/159     AC: 26    Str: 11    XL:     22   Next: 73%
Magic:  36/40      EV: 20    Int: 31    God:    Gozag
Gold:   12155      SH: 15    Dex: 15    Spells: 13/49 levels left

rFire    . . .     SeeInvis +   b - +7 Screaming Sword {vorpal, sonic wave}
rCold    . . .     Gourm    .   M - +2 kite shield {reflect}
rNeg     . . .     Faith    .   o - +4 troll leather armour
rPois    .         Spirit   .   (helmet unavailable)
rElec    .         Reflect  +   y - +2 cloak
rCorr    .         Harm     .   t - +0 pair of gloves
MR       ++...     Clarity  +   S - +0 pair of boots
Stlth    ++........             r - amulet of regeneration
HPRegen  1.16/turn              U - +4 ring of evasion
MPRegen  0.27/turn              i - +6 ring of dexterity

@: icy armour, marked, very slightly contaminated, studying Translocations,
lightly drained, invisible
A: permanent stasis, dig shafts and tunnels, four strong arms, antennae 3,
hooves 1, blurry vision 1, clarity, clever 1, wild magic 1, MP-powered wands
}: 2/15 runes: decaying, serpentine
a: Dig, Shaft Self, Potion Petition, Call Merchant, Bribe Branch, Renounce
Religion


You were on level 4 of the Vaults.
You worshipped Gozag.
Gozag was extremely pleased with you.
You were full.

You visited 7 branches of the dungeon, and saw 36 of its levels.
You also visited: Gauntlet and Volcano.

You collected 14664 gold pieces.
You spent 890 gold pieces at shops.
You paid 1619 gold pieces to Gozag.

Inventory:

Hand Weapons
 a - the +5 hand crossbow "Myiqo" {speed, rN+ Int+4}
   (You found it on level 10 of the Dungeon)

   Attacks with this weapon are significantly faster.
   It affects your intelligence (+4).
   It protects you from negative energy.
 b - the +7 Screaming Sword (weapon) {vorpal, sonic wave}
   (You found it on level 8 of the Dungeon)

   It inflicts extra damage upon your enemies.
 c - the +3 hunting sling "Iblyxt" {vorpal, MR+ Str+4}
   (You found it on level 8 of the Dungeon)

   Any stone fired from it inflicts extra damage.
   It affects your strength (+4).
   It affects your resistance to hostile enchantments.
 d - the +3 short sword of Nadax {venom, rElec MP+9 Int+7 Dex-5}
   (You found it on level 2 of the Lair of Beasts)

   It poisons the flesh of those it strikes.
   It affects your intelligence (+7).
   It affects your dexterity (-5).
   It insulates you from electricity.
   It affects your magic capacity (+9).
 W - the +10 flail of Governance {vorpal, rF++}
   (You found it on level 3 of the Snake Pit)

   It inflicts extra damage upon your enemies.
   It greatly protects you from fire.
Missiles
 u - 287 sling bullets
 A - 1134 arrows
 E - 5 silver javelins
 H - 2 throwing nets (quivered)
 I - 811 bolts
Armour
 o - a +4 troll leather armour (worn)
 t - a +0 pair of gloves (worn)
 y - a +2 cloak (worn)
 M - a +2 kite shield of reflection (worn)
 S - a +0 pair of boots (worn)
Jewellery
 f - the ring "Noavan" {+Fly rF+ rCorr}
   (You found it in a Gauntlet)

   [ring of resist corrosion]

   It protects you from fire.
   It lets you fly.
   It provides partial protection from all sources of acid and corrosion.
 i - a +6 ring of dexterity (right hand)
 m - a +6 ring of intelligence
 r - an amulet of regeneration (around neck)
 G - the ring "Lerrizak" {Ice MR+ MP+9 Str+4}
   (You found it on level 5 of the Dungeon)

   [ring of ice]

   It enhances your ice magic.
   It affects your strength (+4).
   It makes you vulnerable to fire.
   It protects you from cold.
   It affects your resistance to hostile enchantments.
   It affects your magic capacity (+9).
 U - a +4 ring of evasion (left hand)
 V - a +6 ring of intelligence
Wands
 B - a wand of acid (44)
 J - a wand of clouds (12)
 K - a wand of disintegration (28)
 L - a wand of iceblast (38)
Scrolls
 w - 2 scrolls of fog
 x - 18 scrolls of remove curse
 z - 12 scrolls of identify
 C - 2 scrolls of magic mapping
 D - a scroll of immolation
 F - a scroll of silence
 N - a scroll of enchant armour
 P - a scroll of holy word
 Q - a scroll of summoning
Potions
 e - 4 potions of might
 h - 15 potions of curing
 j - 6 potions of flight
 k - 5 potions of brilliance
 l - 2 potions of invisibility
 p - 5 potions of stabbing
 q - 2 potions of cancellation
 s - 2 potions of magic
 T - a potion of resistance
 Y - 2 potions of ambrosia
Books
 O - a manual of Translocations
Miscellaneous
 g - 2 boxes of beasts
 n - 2 phantom mirrors
 R - a phial of floods
 X - a lightning rod (4/4)
Comestibles
 v - 34 rations


   Skills:
 - Level 10.0(9.4) Fighting
 - Level 4.0(3.4) Long Blades
 - Level 10.0(9.4) Armour
 - Level 8.0(7.4) Dodging
 - Level 2.4(1.9) Stealth
 - Level 15.0(14.3) Shields
 - Level 14.0(13.3) Spellcasting
 - Level 5.6(5.1) Conjurations
 - Level 6.0(5.4) Charms
   Level 1.0(0.5) Summonings
 * Level 18.7(18.0) Necromancy
 - Level 0.8(0.4) Translocations
 * Level 12.8(12.2) Transmutations
 - Level 5.0(4.4) Fire Magic
 - Level 6.0(5.4) Ice Magic
 - Level 5.0(4.4) Air Magic
 - Level 18.0(17.2) Earth Magic


You had 13 spell levels left.
You knew the following spells:

 Your Spells              Type           Power        Failure   Level  Hunger
a - Conjure Flame         Conj/Fire      ######..     2%          3    None
b - Borgnjor's Vile Clut  Necr/Erth      ########..   1%          5    None
c - Bolt of Magma         Conj/Fire/Erth #######...   3%          5    None
d - Necromutation         Tmut/Necr      #######...   45%         8    #######
e - Mephitic Cloud        Conj/Pois/Air  ######..     4%          3    None
f - Vampiric Draining     Necr           ########..   1%          3    None
g - Ozocubu's Armour      Chrm/Ice       ######..     1%          3    None
h - Dispel Undead         Necr           ########     1%          4    None
z - Sublimation of Blood  Necr           ########..   1%          2    None

Your spell library contained the following spells:

 Spells                   Type           Power        Failure   Level  Hunger
 Animate Skeleton         Necr           N/A          1%          1    None
 Foxfire                  Conj/Fire      ####         1%          1    None
 Infusion                 Chrm           ####         1%          1    None
 Magic Dart               Conj           ####         1%          1    None
 Pain                     Necr           ####         1%          1    None
 Sting                    Tmut/Pois      ####         1%          1    None
 Corpse Rot               Necr/Air       N/A          1%          2    None
 Searing Ray              Conj           ######       1%          2    None
 Song of Slaying          Chrm           ######..     1%          2    None
 Ignite Poison            Fire/Tmut/Pois ######..     1%          3    None
 Stone Arrow              Conj/Erth      ######       1%          3    None
 Animate Dead             Necr           N/A          1%          4    None
 Ice Form                 Ice/Tmut       #######.     1%          4    None
 Leda's Liquefaction      Hex/Erth       #######...   1%          4    None
 Petrify                  Tmut/Erth      #######.     1%          4    None
 Agony                    Necr           ########     1%          5    None
 Excruciating Wounds      Chrm/Necr      #######...   1%          5    None
 Ensorcelled Hibernation  Hex/Ice        #####.       2%          2    None
 Statue Form              Tmut/Erth      #######..    2%          6    ####...
 Poisonous Vapours        Pois/Air       #####.       3%          2    None
 Apportation              Tloc           ####..       4%          1    None
 Corona                   Hex            ####...      4%          1    None
 Summon Butterflies       Summ           ####....     4%          1    None
 Irradiate                Conj/Tmut      #######...   4%          5    None
 Dazzling Flash           Conj/Hex       #####.       5%          3    None
 Hydra Form               Tmut           #######...   5%          6    ####...
 Call Imp                 Summ           ####....     6%          2    None
 Inner Flame              Hex/Fire       #####...     6%          3    None
 Simulacrum               Ice/Necr       #######...   6%          6    ####...
 Slow                     Hex            ####....     7%          2    None
 Sticky Flame             Conj/Fire      ######..     7%          4    None
 Iron Shot                Conj/Erth      #######...   7%          6    ####...
 Alistair's Intoxication  Tmut/Pois      ######..     10%         5    None
 Yara's Violent Unravell  Hex/Tmut       ######....   10%         5    None
 Gell's Gravitas          Tloc           ####......   12%         3    None
 Lesser Beckoning         Tloc           ####......   12%         3    None
 Portal Projectile        Hex/Tloc       ####..       12%         3    None
 Confusing Touch          Hex            ####....     13%         3    None
 Tukima's Dance           Hex            ####....     13%         3    None
 Iskenderun's Mystic Bla  Conj/Tloc      #####...     13%         4    None
 Iskenderun's Battlesphe  Conj/Chrm      ######..     13%         5    None
 Fulminant Prism          Conj/Hex       #####.....   14%         4    None
 Fireball                 Conj/Fire      ######....   16%         5    None
 Borgnjor's Revivificati  Necr           ########..   17%         8    #######
 Infestation              Necr           ########..   17%         8    #######
 Dragon Form              Tmut           #######...   22%         7    #####..
 Metabolic Englaciation   Hex/Ice        #####.....   34%         5    None
 Cause Fear               Hex            ####......   36%         4    None
 Olgreb's Toxic Radiance  Pois           ####....     36%         4    None
 Eringya's Noxious Bog    Tmut/Pois      ######....   43%         6    ####...
 Haunt                    Necr/Summ      #######...   56%         7    #####..
 Freezing Cloud           Conj/Ice/Air   ######....   58%         6    ####...
 Summon Forest            Summ/Tloc      ####......   63%         5    None
 Death's Door             Chrm/Necr      #######...   88%         8    #######
 Orb of Destruction       Conj           ######....   98%         7    #####..
 Ring of Flames           Chrm/Fire      ######....   98%         7    #####..
 Dispersal                Tloc           ####......   99%         6    ####...
 Invisibility             Hex            ####....     99%         6    ####...
 Spellforged Servitor     Conj/Summ      #####.....   100%        7    #####..
 Summon Hydra             Summ           ####......   100%        7    #####..
 Disjunction              Tloc           ####......   100%        8    #######
 Blink                    Tloc           Unusable     N/A         2    N/A
 Controlled Blink         Tloc           Unusable     N/A         8    N/A

Dungeon Overview and Level Annotations

Branches:
Dungeon (15/15)            Temple (1/1) D:5            Lair (6/6) D:11
  Swamp (4/4) Lair:3        Snake (4/4) Lair:4        Slime (0/5) Lair:6
    Orc (2/2) D:10            Elf (0/3) Orc:2        Vaults (4/5) D:13
  Crypt (0/3) Vaults:2     Depths (0/5) D:15        Volcano (visited)
Gauntlet (visited)

Altars:
Ashenzari
Cheibriados
Dithmenos
Elyvilon
Fedhas
Gozag
Hepliaklqana
Kikubaaqudgha
Makhleb
Nemelex Xobeh
Okawaru
Qazlal
Ru
Sif Muna
Trog
Uskayaw
Vehumet
Wu Jian
Xom
Yredelemnul
Zin
The Shining One
Beogh
Jiyva

Shops:
D:6 [   D:7 [   D:12 }   Orc:2 %!}}   Snake:4 *   Vaults:1 ([*}   Vaults:2 (

Portals:
Trove: D:14 (give +4 fire dragon scales)

Annotations:
Vaults:1 exclusion: vault warden
Vaults:4 exclusion: ogre, Mennas, Saint Roka


Innate Abilities, Weirdness & Mutations

You cannot be hasted, slowed, berserked, paralysed or teleported.
You can dig through walls and to a lower floor.
Your four strong arms can wield two-handed weapons with a shield.
You have a pair of large antennae on your head. (SInv)
You have large cloven feet.
Scrolls take you a little longer to read.
You possess an exceptional clarity of mind.
Your mind is acute. (Int +2)
Your spells are a little harder to cast, but a little more powerful.
You expend magic power (3 MP) to strengthen your wands.


Message History

The Executioner hits you.
The Executioner hits you but does no damage.
The Executioner hits you.
Okay, then.
Casting: Mephitic Cloud (mildly dangerous; 4% risk of failure)
Confirm with . or Enter, or press ? or * to list all spells.
A film of ice covers your body! You block the Executioner's attack.
The Executioner hits you. The Executioner closely misses you.
You block the Executioner's attack. The Executioner hits you.
The Executioner hits you but does no damage.
You block the Executioner's attack. The Executioner barely misses you.
The Executioner closely misses you.
The reaper hits you from afar with a +0 scythe of freezing!!
The reaper freezes you!
You die...
Your body crumbles into a pile of gold.

...........## #..... ...........#
#.....#+#####+# ...........#
#.......#...... ......4{...#
#.......#...... ...........# $
#.......#...... ........e..#
#.......'..<... ...........#
+.......#......
..........*#+######.......#......
.........cp.e.21@.........#......
......#############.......#######
......'...........#..............
......#...#...#...#..............
####..#...#...#...#..............
#..#.###...###.#..............
#..#...........#..............
#..#...........#..........^...
#..#...........#........).....


You could see a reaper (summoned), a deep elf death mage (strong), an
Executioner (summoned, fast), an ironbrand convoker, a yaktaur (strong) and a
lost soul (summoned).

Vanquished Creatures
  Sojobo (Vaults:1)
  Bai Suzhen (Vaults:3)
  Vashnia (Snake:4)
  The ghost of Droegar the Slayer, an adept MiBe of Trog (Vaults:2)
  Rupert (Orc:2)
  Asterion (Snake:1)
  4 thorn hunters
  2 sphinxes
  2 ancient champions (Vaults:1)
  9 nagarajas
  A tengu reaver (Vaults:2)
  The ghost of Tman the Thaumaturge, an adept DrCj of Dithmenos (Snake:4)
  Roxanne (Swamp:3)
  A frost giant (Vaults:3)
  A fire giant (D:15)
  11 vault wardens
  A deep elf sorcerer (Vaults:3)
  2 draconian knights (Vaults:1)
  Aizul (Snake:3)
  An orc warlord (Orc:1)
  13 ironheart preservers
  3 stone giants
  An entropy weaver (Vaults:3)
  A deep elf annihilator (Vaults:1)
  3 vampire knights
  A minotaur (Gauntlet)
  Snorg (Lair:3)
  The ghost of oberejnoburuli the Protected, a journeyman DDAs of Makhleb (D:10)
  Josephine (Orc:1)
  An ettin (Orc:2)
  2 great orbs of eyes
  5 yaktaur captains
  Harold (Orc:1)
  15 vault guards
  A rakshasa (Vaults:2)
  An ice dragon (Vaults:2)
  Erolcha (Orc:2)
  3 shambling mangroves
  17 hydras
  A ghost crab (Swamp:4)
  8 centaur warriors
  21 anacondas
  15 naga warriors
  The ghost of Tinylith the Spear-Bearer, a journeyman MfIE of Sif Muna (Lair:2)
  2 catoblepae
  9 alligators
  9 ogre magi
  27 two-headed ogres
  2 death knights
  A deep troll shaman (Vaults:3)
  A deep troll earth mage (Vaults:4)
  A vampire mage (Vaults:2)
  22 naga sharpshooters
  A tengu warrior (D:15)
  14 death yaks
  10 shock serpents
  A storm dragon zombie (Vaults:3)
  A deep elf knight (Vaults:2)
  Sonja (Orc:1)
  14 deep trolls
  A shadow wraith (Vaults:2)
  A skeletal warrior (D:13)
  A spectral anaconda (Snake:4)
  6 unseen horrors
  2 spriggan druids (Swamp:4)
  6 swamp dragons
  7 ironbrand convokers
  A deep elf archer (Vaults:1)
  9 naga ritualists
  A spectral hydra (Swamp:4)
  A flayed ghost (Swamp:4)
  A glowing orange brain (Vaults:3)
  2 necromancers
  2 large abominations (Gauntlet)
  6 wizards
  4 mana vipers
  9 harpies
  A wolf spider zombie (D:12)
  A phantasmal warrior (Swamp:4)
  23 ugly things
  9 orc knights
  A tengu skeleton (Vaults:3)
  3 orc sorcerers
  2 orb spiders (shapeshifter)
  A shining eye (shapeshifter) (Vaults:2)
  3 wolf spiders
  3 manticores
  8 salamanders
  9 deep elf magi
  A spectral centaur (D:10)
  9 oklob plants
  12 cyclopes
  A salamander (shapeshifter) (Vaults:4)
  5 centaur zombies
  9 vault sentinels
  7 elephants (Lair:5)
  2 molten gargoyles (Volcano)
  13 guardian serpents
  24 naga magi
  An eye of devastation (shapeshifter) (D:12)
  33 black mambas
  A black mamba (shapeshifter) (D:11)
  A smoke demon (Volcano)
  A catoblepas zombie (Lair:4)
  2 gargoyles
  19 spiny frogs
  3 kobold demonologists (D:14)
  3 death yak zombies
  4 rime drakes
  6 freezing wraiths
  21 yaktaurs
  A tengu conjurer (D:15)
  4 komodo dragons
  An ice devil (Gauntlet)
  A redback zombie (D:15)
  2 death yak skeletons
  A polar bear (Lair:4)
  A red devil (Volcano)
  5 hydra zombies
  14 trolls
  17 hornets
  9 tyrant leeches
  A wind drake (shapeshifter) (D:14)
  4 death drake zombies (Swamp:4)
  6 bog bodies
  24 slime creatures
  13 blink frogs
  2 death drake skeletons (Swamp:4)
  5 dream sheep (Lair:4)
  3 hydra skeletons (Lair:4)
  A fire dragon zombie (D:10)
  A spectral black mamba (Snake:4)
  A fire giant simulacrum (Vaults:3)
  2 centaur simulacra
  13 hippogriffs
  A spriggan (shapeshifter) (Vaults:2)
  4 black mamba zombies
  7 spriggans
  3 shadows
  The ghost of lllmatko the Skirmisher, an amateur MiBe of Trog (D:3)
  8 wraiths
  12 yaks
  3 redbacks
  3 vampires
  A spectral naga (Snake:4)
  A human (shapeshifter) (Vaults:1)
  A human (D:8)
  4 black mamba skeletons (Lair:2)
  15 wyverns
  A spectral salamander (Snake:4)
  A fire bat (shapeshifter) (Vaults:2)
  A yaktaur simulacrum (Vaults:3)
  Grum (D:8)
  2 fire bats (Volcano)
  9 vampire mosquitoes
  2 basilisks
  A basilisk (shapeshifter) (D:13)
  5 hungry ghosts
  52 nagas
  Edmund (D:5)
  5 wargs
  19 insubstantial wisps
  19 swamp worms
  An acid dragon (Vaults:2)
  A spiny frog zombie (Lair:3)
  A hell hound (Volcano)
  22 water moccasins
  8 porcupines
  Duvessa (D:7)
  5 hydra simulacra (Swamp:4)
  A spiny frog skeleton (Lair:4)
  8 swamp drakes
  30 orc warriors
  A sky beast (D:9)
  4 small abominations (Gauntlet)
  4 ice beasts
  A dream sheep zombie (Lair:3)
  2 lindwurm zombies (Volcano)
  41 ogres
  A blink frog zombie (Lair:3)
  2 black mamba simulacra (Snake:4)
  A phantom (D:12)
  3 boggarts (Vaults:1)
  9 wolves
  12 centaurs
  4 lindwurm skeletons (Volcano)
  A boggart (shapeshifter) (Vaults:3)
  8 crocodiles
  A rime drake zombie (Lair:2)
  A dream sheep skeleton (Lair:4)
  3 swamp dragon skeletons (Swamp:4)
  A spectral wyvern (D:10)
  2 komodo dragon zombies
  7 big kobolds
  A salamander zombie (Volcano)
  26 bullfrogs
  A wyvern zombie (D:8)
  2 hippogriff skeletons (Lair:2)
  4 komodo dragon skeletons
  3 water moccasin zombies
  A salamander simulacrum (Snake:4)
  2 wyvern skeletons
  Dowan (D:7)
  2 salamander skeletons (Volcano)
  2 water moccasin skeletons (Lair:2)
  8 scorpions
  6 killer bees
  12 wights
  3 electric eels
  7 crimson imps
  A howler monkey (D:8)
  7 lava snakes (Volcano)
  2 naga simulacra (Snake:4)
  A wolf skeleton (Lair:2)
  3 quasits
  2 kobold zombies (D:10)
  4 centaur skeletons
  5 bullfrog zombies
  2 hounds
  7 orc priests
  6 jellies
  2 bullfrog skeletons
  4 iguanas
  2 porcupine zombies
  20 orc wizards
  17 worker ants
  A basilisk skeleton (Lair:4)
  A porcupine skeleton (Lair:2)
  An acid dragon zombie (D:10)
  2 crocodile skeletons (Lair:4)
  2 hound zombies
  3 hound skeletons
  3 worker ant zombies
  A howler monkey skeleton (D:6)
  A howler monkey zombie (D:10)
  4 gnolls (D:4)
  18 adders
  A gnoll zombie (D:10)
  3 shadow imps
  4 white imps (Gauntlet)
  2 oozes (D:3)
  A worm zombie (D:10)
  2 orc zombies (D:10)
  2 adder skeletons
  2 adder zombies (D:10)
  A worm (D:5)
  2 dart slugs
  3 leopard geckos
  75 orcs
  11 bats
  5 giant cockroaches
  5 goblins
  11 hobgoblins
  7 jackals
  6 quokkas
  2 ball pythons
  A ball python zombie (D:6)
  8 frilled lizards
  A goblin skeleton (D:11)
  45 kobolds
  2 quokka skeletons (D:3)
  A quokka zombie (D:10)
  5 rats
  A rat skeleton (D:11)
  15 briar patches
  3 bushes (D:10)
  16 butterflies (Vaults:3)
  20 fungi
  70 plants
1618 creatures vanquished.

Vanquished Creatures (others)
  A vault guard (D:13)
  2 dancing weapons
  An orc warrior (Vaults:4)
  A kobold (D:11)
  6 briar patches
  23 fungi
  30 plants
64 creatures vanquished.

Grand Total: 1682 creatures vanquished

Notes
Turn   | Place    | Note
-------+----------+-------------------------------------------
     0 | D:1      | DildoBatman the Formicid Wizard began the quest for the
                  | Orb.
     0 | D:1      | Reached XP level 1. HP: 13/13 MP: 4/4
    54 | D:1      | Reached skill level 1 in Conjurations
   307 | D:1      | Reached XP level 2. HP: 19/19 MP: 4/6
  1087 | D:2      | Reached XP level 3. HP: 24/24 MP: 4/7
  1092 | D:2      | Learned a level 3 spell: Conjure Flame
  1096 | D:2      | Learned a level 3 spell: Mephitic Cloud
  1509 | D:2      | Reached XP level 4. HP: 16/30 MP: 0/8
  2155 | D:3      | Found a transporter.
  2342 | D:3      | Found a transporter.
  2342 | D:3      | Noticed lllmatko's ghost (amateur MiBe)
  2384 | D:3      | Reached XP level 5. HP: 28/35 MP: 4/9
  3124 | D:4      | Reached XP level 6. HP: 31/41 MP: 1/10
  3173 | D:4      | Reached skill level 5 in Conjurations
  3747 | D:4      | Reached skill level 1 in Fire Magic
  3845 | D:4      | Reached skill level 1 in Air Magic
  3845 | D:4      | Reached XP level 7. HP: 34/46 MP: 5/11
  4012 | D:5      | Entered Level 5 of the Dungeon
  4383 | D:5      | Got a coiled platinum ring
  4400 | D:5      | Found a staircase to the Ecumenical Temple.
  4405 | D:5      | Noticed Edmund
  4407 | Temple   | Entered the Ecumenical Temple
  4629 | Temple   | Became a worshipper of Kikubaaqudgha
  4697 | D:5      | Killed Edmund
  4697 | D:5      | Reached skill level 1 in Shields
  4845 | D:5      | Identified the ring "Lerrizak" {Ice MR+ MP+9 Str+4} (You
                  | found it on level 5 of the Dungeon)
  4940 | D:5      | Found a radiant altar of Vehumet.
  5015 | D:5      | Reached XP level 8. HP: 45/52 MP: 9/12
  6001 | D:6      | Found Jacruite's Armour Shop.
  6248 | D:7      | Reached * piety under Kikubaaqudgha
  6248 | D:7      | Identified Kikubaaqudgha's Compendium of Evil Secrets
                  | (Kikubaaqudgha gifted it to you on level 7 of the Dungeon)
  6248 | D:7      | Received a gift from Kikubaaqudgha
  6254 | D:7      | Reached skill level 5 in Fire Magic
  6400 | D:7      | Reached skill level 5 in Air Magic
  6400 | D:7      | Reached XP level 9. HP: 57/57 MP: 2/13
  6437 | D:7      | Noticed Duvessa
  6460 | D:7      | Noticed Dowan
  6464 | D:7      | Killed Duvessa
  6484 | D:7      | Reached skill level 1 in Fighting
  6484 | D:7      | Reached skill level 1 in Armour
  6661 | D:7      | Killed Dowan
  6934 | D:7      | Found Busequr's Armour Boutique.
  7669 | D:8      | Got a crystal hunting sling
  7670 | D:8      | Identified the +3 hunting sling "Iblyxt" {vorpal, MR+
                  | Str+4} (You found it on level 8 of the Dungeon)
  7720 | D:8      | Reached ** piety under Kikubaaqudgha
  7720 | D:8      | Reached skill level 5 in Shields
  7862 | D:8      | Noticed Grum
  7867 | D:8      | Reached XP level 10. HP: 63/71 MP: 14/14
  7889 | D:8      | Killed Grum
  8043 | D:8      | Reached skill level 5 in Armour
  8072 | D:8      | Reached skill level 5 in Fighting
  8138 | D:8      | Found the +7 Singing Sword {vorpal, sonic wave}
  8402 | D:8      | Reached skill level 5 in Dodging
  8955 | D:9      | Reached *** piety under Kikubaaqudgha
  8955 | D:9      | Identified Kikubaaqudgha's Disquisition on Black Arts
                  | (Kikubaaqudgha gifted it to you on level 9 of the Dungeon)
  8955 | D:9      | Received a gift from Kikubaaqudgha
  8962 | D:9      | Learned a level 4 spell: Dispel Undead
  8965 | D:9      | Learned a level 2 spell: Sublimation of Blood
  8969 | D:9      | Learned a level 3 spell: Vampiric Draining
  9282 | D:3      | Killed lllmatko's ghost
  9410 | D:10     | Entered Level 10 of the Dungeon
  9503 | D:10     | Noticed a two-headed ogre
  9555 | D:10     | Killed a two-headed ogre
  9555 | D:10     | Reached skill level 1 in Necromancy
  9598 | D:10     | Reached XP level 11. HP: 83/83 MP: 17/17
  9650 | D:10     | Found a stormy altar of Qazlal.
  9817 | D:10     | Found a blossoming altar of Fedhas.
  9832 | D:10     | Noticed an oklob plant
  9928 | D:10     | Found a runed translucent gate.
  9928 | D:10     | Found a runed translucent gate.
  9929 | D:10     | Found a runed translucent gate.
  9930 | D:10     | Noticed oberejnoburuli's ghost (journeyman DDAs)
 10172 | D:10     | Found a staircase to the Orcish Mines.
 10314 | D:10     | Reached skill level 5 in Spellcasting
 10754 | Orc:1    | Entered Level 1 of the Orcish Mines
 10899 | Orc:1    | Noticed an orc sorcerer
 10910 | Orc:1    | Killed an orc sorcerer
 10981 | Orc:1    | Found a roughly hewn altar of Beogh.
 10986 | Orc:1    | Noticed an orc warlord
 11065 | Orc:1    | Noticed Harold
 11125 | Orc:1    | Reached **** piety under Kikubaaqudgha
 11134 | Orc:1    | Killed an orc warlord
 11134 | Orc:1    | Reached skill level 1 in Long Blades
 11142 | Orc:1    | Killed Harold
 11187 | Orc:1    | Noticed Sonja
 11208 | Orc:1    | Killed Sonja
 11323 | Orc:1    | Found a roughly hewn altar of Beogh.
 11453 | Orc:2    | Entered Level 2 of the Orcish Mines
 11467 | Orc:2    | Noticed Josephine
 11490 | Orc:1    | Killed Josephine
 11490 | Orc:1    | Reached XP level 12. HP: 77/92 MP: 21/21
 11506 | Orc:2    | Found Yluippocs's Weapon Boutique.
 11507 | Orc:2    | Found a staircase to the Elven Halls.
 11657 | Orc:2    | Found Finkytso's Food Boutique.
 11657 | Orc:2    | Noticed a two-headed ogre
 11659 | Orc:2    | Noticed a two-headed ogre
 11701 | Orc:2    | Killed a two-headed ogre
 11705 | Orc:2    | Killed a two-headed ogre
 11727 | Orc:2    | Noticed an ogre mage
 11742 | Orc:2    | Reached skill level 5 in Necromancy
 11747 | Orc:2    | Killed an ogre mage
 11752 | Orc:2    | Noticed a deep troll
 11770 | Orc:2    | Killed a deep troll
 11913 | Orc:2    | Noticed a two-headed ogre
 11913 | Orc:2    | Noticed a two-headed ogre
 11940 | Orc:2    | Killed a two-headed ogre
 11945 | Orc:2    | Killed a two-headed ogre
 11953 | Orc:2    | Noticed a two-headed ogre
 11978 | Orc:2    | Killed a two-headed ogre
 12047 | Orc:2    | Noticed a two-headed ogre
 12057 | Orc:2    | Killed a two-headed ogre
 12057 | Orc:2    | Reached XP level 13. HP: 58/101 MP: 23/23
 12069 | Orc:2    | Found Yhaol's Gadget Shoppe.
 12073 | Orc:2    | Found Gaxioxun's Distillery.
 12075 | Orc:2    | Noticed an ettin
 12100 | Orc:2    | Killed an ettin
 12126 | Orc:2    | Found Leklaxell's Gadget Emporium.
 12148 | Orc:2    | Bought a potion of magic for 96 gold pieces
 12148 | Orc:2    | Bought 2 potions of heal wounds for 120 gold pieces
 12397 | Orc:2    | Noticed Erolcha
 12420 | Orc:2    | Killed Erolcha
 12429 | Orc:2    | Noticed an ogre mage
 12430 | Orc:2    | Reached skill level 10 in Fighting
 12430 | Orc:2    | Reached skill level 10 in Armour
 12456 | Orc:2    | Killed an ogre mage
 12634 | Orc:2    | Noticed Rupert
 12693 | Orc:2    | Killed Rupert
 12897 | D:10     | Killed oberejnoburuli's ghost
 12901 | D:10     | Reached ***** piety under Kikubaaqudgha
 12914 | D:10     | Got a crystal hand crossbow
 12915 | D:10     | Identified the +5 hand crossbow "Myiqo" {speed, rN+ Int+4}
                  | (You found it on level 10 of the Dungeon)
 12948 | D:11     | Found a staircase to the Lair.
 13798 | D:12     | Found a runed translucent door.
 13801 | D:12     | Noticed a great orb of eyes
 13828 | D:12     | Found Toma Yga's Gadget Boutique.
 13946 | D:12     | Reached skill level 10 in Necromancy
 13946 | D:12     | Reached XP level 14. HP: 75/110 MP: 24/24
 13985 | D:12     | Learned a level 4 spell: Petrify
 14065 | D:12     | Reached skill level 1 in Transmutations
 14065 | D:12     | Reached skill level 1 in Earth Magic
 14148 | D:12     | Reached ****** piety under Kikubaaqudgha
 14201 | D:12     | Received a gift from Kikubaaqudgha
 14203 | D:12     | Fell from the grace of Kikubaaqudgha
 14348 | Temple   | Became a worshipper of Gozag Ym Sagoz the Greedy
 15682 | Orc:2    | Bought a potion of curing for 36 gold pieces
 15682 | Orc:2    | Bought a potion of curing for 36 gold pieces
 15682 | Orc:2    | Bought a potion of ambrosia for 96 gold pieces
 15682 | Orc:2    | Bought a potion of curing for 36 gold pieces
 15682 | Orc:2    | Bought a potion of heal wounds for 60 gold pieces
 15682 | Orc:2    | Bought a potion of curing for 36 gold pieces
 15738 | Orc:2    | Bought a wand of acid (7) for 330 gold pieces
 15810 | Lair:1   | Entered Level 1 of the Lair of Beasts
 16122 | Lair:1   | Reached skill level 5 in Earth Magic
 16598 | Lair:2   | Reached skill level 5 in Transmutations
 16686 | Lair:2   | Reached skill level 10 in Shields
 16798 | Lair:2   | Found a dark tunnel.
 16817 | Volcano  | Entered a volcano
 17250 | Volcano  | Gained mutation: You are frail. (-10% HP) [potion of
                  | mutation]
 17250 | Volcano  | Gained mutation: Your mind is acute. (Int +2) [potion of
                  | mutation]
 17250 | Volcano  | Gained mutation: You are clumsy. (Dex -2) [potion of
                  | mutation]
 17250 | Volcano  | Gained mutation: You have large cloven feet. [potion of
                  | mutation]
 17251 | Volcano  | Lost mutation: You are frail. (-10% HP) [potion of
                  | mutation]
 17251 | Volcano  | Lost mutation: You are clumsy. (Dex -2) [potion of
                  | mutation]
 17251 | Volcano  | Gained mutation: You possess an exceptional clarity of
                  | mind. [potion of mutation]
 17251 | Volcano  | Gained mutation: You expend magic power (3 MP) to
                  | strengthen your wands. [potion of mutation]
 17252 | Volcano  | Found a radiant altar of Vehumet.
 17448 | Volcano  | Reached XP level 15. HP: 67/115 MP: 27/27
 18357 | Lair:2   | Found a runed translucent gate.
 18357 | Lair:2   | Found a runed translucent gate.
 18357 | Lair:2   | Found a runed translucent gate.
 18361 | Lair:2   | Noticed Tinylith's ghost (journeyman MfIE)
 18368 | Lair:2   | Killed Tinylith's ghost
 18783 | Lair:2   | Got a fine short sword
 18784 | Lair:2   | Identified the +3 short sword of Nadax {venom, rElec MP+9
                  | Int+7 Dex-5} (You found it on level 2 of the Lair of
                  | Beasts)
 18883 | Lair:3   | Found a staircase to the Swamp.
 18889 | Lair:3   | Noticed Snorg
 18905 | Lair:3   | Killed Snorg
 20327 | Lair:4   | Found a staircase to the Snake Pit.
 20695 | Lair:4   | Was forgiven by Kikubaaqudgha
 20901 | Lair:5   | Found a gate leading to a gauntlet.
 21087 | Gauntlet | Entered a Gauntlet
 21087 | Gauntlet | Found a runed translucent door.
 21087 | Gauntlet | Found a transporter.
 21087 | Gauntlet | Found a runed translucent door.
 21087 | Gauntlet | Found a transporter.
 21095 | Gauntlet | Found a transporter.
 21099 | Gauntlet | Found a transporter.
 21107 | Gauntlet | Found a transporter.
 21111 | Gauntlet | Found a transporter.
 21119 | Gauntlet | Found a transporter.
 21135 | Gauntlet | Found a transporter.
 21152 | Gauntlet | Found a transporter.
 21153 | Gauntlet | Found a transporter.
 21164 | Gauntlet | Found a transporter.
 21165 | Gauntlet | Found a transporter.
 21362 | Gauntlet | Got a steaming copper ring
 21442 | Gauntlet | Identified the ring "Noavan" {+Fly rF+ rCorr} (You found it
                  | in a Gauntlet)
 21593 | Gauntlet | Reached XP level 16. HP: 62/122 MP: 3/28
 21625 | Gauntlet | Identified the Catalogue of Transformation
 21628 | Gauntlet | Identified the Catalogue of Aid
 21741 | D:11     | Learned a level 3 spell: Ozocubu's Armour
 22904 | Lair:6   | Entered Level 6 of the Lair of Beasts
 22920 | Lair:6   | Reached skill level 1 in Charms
 22927 | Lair:6   | Reached skill level 1 in Ice Magic
 24113 | Lair:6   | Found a viscous altar of Jiyva.
 24114 | Lair:6   | Found a staircase to the Slime Pits.
 24487 | D:11     | Identified a scroll of acquirement
 25128 | D:13     | Found a gate to the Vaults.
 25768 | D:14     | Found a portal to a secret trove of treasure.
 26233 | D:15     | Entered Level 15 of the Dungeon
 26346 | D:15     | Got a translucent leather armour
 26354 | D:15     | Reached XP level 17. HP: 128/128 MP: 23/29
 26368 | D:15     | Identified the +3 leather armour of the Sturgeon {rF+ rCorr
                  | Str+4} (You found it on level 15 of the Dungeon)
 26557 | D:15     | Found a staircase to the Depths.
 26562 | D:15     | Reached skill level 5 in Ice Magic
 26573 | D:15     | Reached skill level 5 in Charms
 27448 | Swamp:1  | Entered Level 1 of the Swamp
 28104 | Swamp:1  | Reached skill level 15 in Shields
 29122 | Swamp:2  | Reached skill level 10 in Transmutations
 29757 | Swamp:3  | Got a jewelled trident
 29758 | Swamp:3  | Identified the cursed +3 trident of Equivalence {venom,
                  | rC+} (You found it on level 3 of the Swamp)
 30076 | Swamp:3  | Got a twisted robe
 30088 | Swamp:3  | Identified the +0 robe of Action {Harm rElec rCorr Slay-3}
                  | (You found it on level 3 of the Swamp)
 30240 | Swamp:3  | Identified Roxanne's Disquisition on the Mountains
 30240 | Swamp:3  | Noticed Roxanne
 30240 | Swamp:3  | Noticed a thorn hunter
 30459 | Swamp:3  | Killed a thorn hunter
 30685 | Swamp:3  | Killed Roxanne
 30705 | Swamp:3  | Learned a level 5 spell: Borgnjor's Vile Clutch
 30716 | Swamp:3  | Learned a level 8 spell: Necromutation
 30737 | Swamp:4  | Entered Level 4 of the Swamp
 30766 | Swamp:4  | Noticed a thorn hunter
 30776 | Swamp:4  | Killed a thorn hunter
 31033 | Swamp:4  | Reached XP level 18. HP: 106/134 MP: 22/30
 31361 | Swamp:4  | Reached skill level 10 in Spellcasting
 31688 | Swamp:4  | Found a blossoming altar of Fedhas.
 31933 | Swamp:4  | Found a basalt altar of Yredelemnul.
 31945 | Swamp:4  | Got a decaying rune of Zot
 32485 | Snake:1  | Entered Level 1 of the Snake Pit
 32594 | Snake:1  | Noticed Asterion
 32784 | Snake:1  | Killed Asterion
 33729 | Snake:2  | Reached skill level 10 in Earth Magic
 34036 | Snake:3  | Reached XP level 19. HP: 108/140 MP: 30/35
 34271 | Snake:3  | Got a bone flail
 34335 | Snake:3  | Found a stormy altar of Qazlal.
 34341 | Snake:3  | Identified the +10 flail of Governance {vorpal, rF++} (You
                  | found it on level 3 of the Snake Pit)
 34406 | Snake:3  | Noticed Aizul
 34487 | Snake:3  | Killed Aizul
 34947 | Snake:4  | Entered Level 4 of the Snake Pit
 34998 | Snake:4  | Found a runed translucent gate.
 34999 | Snake:4  | Found a runed translucent gate.
 34999 | Snake:4  | Found a runed translucent gate.
 35002 | Snake:4  | Noticed Tman's ghost (adept DrCj)
 35227 | Snake:4  | Noticed Vashnia
 35256 | Snake:4  | Killed Vashnia
 35819 | Snake:4  | Reached XP level 20. HP: 147/147 MP: 16/38
 35918 | Snake:4  | Reached skill level 15 in Necromancy
 36353 | Snake:4  | Got a serpentine rune of Zot
 36409 | Snake:4  | Found Axelizx Ovvi's Assorted Antiques.
 36804 | Snake:4  | Killed Tman's ghost
 37065 | Vaults:1 | Entered Level 1 of the Vaults
 37254 | Vaults:1 | Found Xenism's Antique Weapon Shoppe.
 37256 | Vaults:1 | Found Hoiptu's Antique Armour Boutique.
 37902 | Vaults:1 | Found a burning altar of Makhleb.
 37910 | Vaults:1 | Found Ydanew's General Store.
 37952 | Vaults:1 | Bought a scroll of identify for 44 gold pieces
 38170 | Vaults:1 | Got an ancient rapier
 38171 | Vaults:1 | Identified the +6 rapier of Teepla {vorpal, +Fly rElec
                  | Str+4} (You found it on level 1 of the Vaults)
 38198 | Vaults:1 | Identified the +8 double sword of Dagykker {vorpal, Fragile
                  | +Blink +Fly Str+4}
 38199 | Vaults:1 | Noticed Sojobo
 38202 | Vaults:1 | You fall into a shaft and drop 1 floor!
 38232 | Vaults:2 | Reached skill level 15 in Earth Magic
 38443 | Vaults:2 | Reached XP level 21. HP: 106/153 MP: 31/39
 39165 | Vaults:2 | Found a staircase to the Crypt.
 39350 | Vaults:2 | Found Qiankan's Antique Weapon Emporium.
 39445 | Vaults:2 | Gained mutation: Your spells are a little harder to cast,
                  | but a little more powerful. [a shining eye]
 39447 | Vaults:2 | Gained mutation: Scrolls take you a little longer to read.
                  | [a shining eye]
 39526 | Vaults:2 | Found a large runed translucent door.
 39526 | Vaults:2 | Found a large runed translucent door.
 39526 | Vaults:2 | Noticed Droegar's ghost (adept MiBe)
 39552 | Vaults:2 | Killed Droegar's ghost
 40214 | Vaults:1 | Killed Sojobo
 40237 | Vaults:1 | Found Okarake's Gadget Shop.
 41077 | Vaults:3 | Reached XP level 22. HP: 159/159 MP: 36/40
 41235 | Vaults:3 | Found a huge runed gate.
 41235 | Vaults:3 | Found a huge runed gate.
 41235 | Vaults:3 | Found a huge runed gate.
 41235 | Vaults:3 | Found a huge runed gate.
 41235 | Vaults:3 | Found a huge runed gate.
 41236 | Vaults:3 | Found a huge runed gate.
 41236 | Vaults:3 | Found a huge runed gate.
 41236 | Vaults:3 | Found a huge runed gate.
 41236 | Vaults:3 | Found a huge runed gate.
 41236 | Vaults:3 | Found a huge runed gate.
 41241 | Vaults:3 | Found a huge runed gate.
 41241 | Vaults:3 | Found a huge runed gate.
 41241 | Vaults:3 | Found a huge runed gate.
 41241 | Vaults:3 | Found a huge runed gate.
 41241 | Vaults:3 | Found a huge runed gate.
 41241 | Vaults:3 | Found a huge runed gate.
 41242 | Vaults:3 | Found a huge runed gate.
 41243 | Vaults:3 | Found a huge runed gate.
 41244 | Vaults:3 | Found a huge runed gate.
 41252 | Vaults:3 | Found a huge runed gate.
 41252 | Vaults:3 | Found a huge runed gate.
 41252 | Vaults:3 | Found a huge runed gate.
 41252 | Vaults:3 | Found a huge runed gate.
 41252 | Vaults:3 | Found a huge runed gate.
 41252 | Vaults:3 | Found a huge runed gate.
 41252 | Vaults:3 | Found a huge runed gate.
 41253 | Vaults:3 | Found a huge runed gate.
 41254 | Vaults:3 | Found a huge runed gate.
 41266 | Vaults:3 | Noticed Bai Suzhen
 41441 | Vaults:3 | Found a huge runed gate.
 41441 | Vaults:3 | Found a huge runed gate.
 41441 | Vaults:3 | Found a huge runed gate.
 41441 | Vaults:3 | Found a huge runed gate.
 41441 | Vaults:3 | Found a huge runed gate.
 41441 | Vaults:3 | Found a huge runed gate.
 41441 | Vaults:3 | Found a huge runed gate.
 41442 | Vaults:3 | Found a huge runed gate.
 41467 | Vaults:3 | Killed Bai Suzhen
 41850 | Vaults:3 | Learned a level 5 spell: Bolt of Magma
 42433 | Vaults:4 | Noticed Mennas
 42653 | Vaults:4 | Noticed Saint Roka
 42693 | Vaults:4 | HP: 7/159 [reaper/+0 scythe of freezing[an ironheart
                  | preserver] (29)]
 42693 | Vaults:4 | Slain by a reaper

Illustrated notes

Levels and vault maps discovered:
D:1:      minmay_arrival_doors, layout_loops_corners, nrook_mini_backslash,
          serial_bayou_ford_a, minmay_misc_feat_five
D:2:      layout_loops_cross
D:3:      layout_rooms, gammafunk_ghost_mausoleum
D:4:      layout_basic
D:5:      layout_rooms, marbit_many_paths, minmay_temple_entry_ruins,
          first_ration, minmay_strange_pillars, uniq_edmund
D:6:      layout_basic, serial_shops, kennysheep_mini_moat, corexii_shack
D:7:      layout_loops_cross, serial_shops, nicolae_shop_crystal, uniq_duvessa
D:8:      old_forge, layout_loops_ring, grunt_pizzeria, uniq_grum
D:9:      layout_cross, kennysheep_cross_room, minivault_1, nicolae_water_bricks
D:10:     layout_basic, erik_orc_1, gammafunk_ghost_necromancy, basic_altar,
          tgw_fedhas
D:11:     layout_long_grid, dpeg_oklobed_lair, minmay_librarian
D:12:     minmay_the_grid_four_pointed_star
          [minmay_the_grid_triangle_9x9_impossible_snake,
          minmay_the_grid_triangle_9x9_subtriangle,
          minmay_the_grid_triangle_9x9_semitri,
          minmay_the_grid_triangle_9x9_checkered,
          minmay_the_grid_prize_trominoes], layout_basic, serial_shops, shop
D:13:     layout_cave_pools, lightli_vaults_fourway_checkpoint
D:14:     layout_loops_ring, nicolae_trove_entry_crystal, lemuel_nasty_fountain
D:15:     grunt_enter_depths_magical_seal, layout_loops_ring, serial_glass,
          glass_columns_a, glass_columns_b, corexii_checkpoint_a,
          minmay_three_doors
Temple:   nicolae_temple_the_god_donut
Lair:1:   statuecave_lemuel, layout_hall_layers, grunt_megastairs_3
Lair:2:   layout_chaotic_city, nicolae_volcano_entry_s_turn,
          ebering_ghost_rock_garden, chequers_serial_rivers_micro_a,
          serial_bayou_shore_a, minmay_lair_oklob_chamber
Lair:3:   layout_long_grid, swamp_mist, serial_bayou_pond_d, uniq_snorg
Lair:4:   beast_lair_carwin_large_2, layout_concentric_octagons,
          dummy_snake_entry, serial_bayou_shore_b
Lair:5:   layout_hall_layers, gauntlet_entry_generic, wad_woods_river_01
Lair:6:   hangedman_lair_tendril_chambers, layout_regular_city, slime_altar_1,
          infiniplex_staircase_pool
Swamp:1:  layout_falls_marsh, evilmike_swamp_ruin_house_6
Swamp:2:  layout_basic_swamp, evilmike_swamp_ruin_house_3
Swamp:3:  layout_basic_swamp, nicolae_swamp_stair_fork, uniq_roxanne
Swamp:4:  byrel_swamp_growth_death_and_undeath, layout_basic_swamp, swamp_pool1
Snake:1:  cheibrodos_snake_ritualist_ritual, layout_rooms, uniq_asterion
Snake:2:  layout_onion_interference
Snake:3:  layout_basic, basic_altar, uniq_aizul
Snake:4:  grunt_snake_rune_serpentine_throne, layout_basic, serial_shops,
          nicolae_shop_overgrown_old_shop, gammafunk_ghost_necromancy,
          grunt_ministairs_6, uniq_vashnia
Orc:1:    layout_caves, basic_altar, mines1_david, uniq_harold, uniq_sonja
Orc:2:    st_orc_open, layout_caves, serial_shops, nicolae_shop_window_shopping,
          uniq_josephine, uniq_rupert, uniq_erolcha
Vaults:1: vaults_dpeg_spiral, v_misc_23, nicolae_vaults_little_ls,
          sword_in_stone, nicolae_vaults_specimen_jars,
          vaults_room_stairs_pillars, nicolae_vaults_little_squares_1,
          ontoclasm_vaults_shuriken, layout_vaults_omnigrid, basic_altar,
          serial_shops, shop_statue, shop, shop_statue, shop
Vaults:2: advil_vaults_ghost_guards, hangedman_vaults_pinch,
          grunt_vaults_hallway_long, hangedman_vaults_corner_blocks,
          vaults_room_stairs_pillars, v_misc_25, v_misc_18,
          nicolae_vaults_little_squares_6, vaults_mumra_chevron_long,
          grunt_vaults_hallway_short, vaults_dpeg_diagonal,
          minmay_crypt_entry_simple_corners, nicolae_vaults_little_squares_2,
          nicolae_vaults_shelves_hall, nicolae_vaults_rhombus_6,
          hangedman_vaults_nails, layout_vaults_ring, serial_shops,
          shop_fountains
Vaults:3: vaults_not_door_vault_mu, vaults_room_pool, ontoclasm_vaults_idyll,
          v_misc_32, vaults_room_door_hall, hangedman_vaults_stream,
          vaults_room_semicircle, nicolae_vaults_what_the_h,
          nicolae_vaults_network_square, ontoclasm_vaults_fire_temple, v_misc_2,
          vaults_room_grid, vaults_dpeg_doors, layout_vaults_omnibox,
          uniq_bai_suzhen
Vaults:4: v_misc_26, nicolae_vaults_hallways_thing,
          minmay_guarded_unrand_guard_vaults, vaults_room_grid, v_misc_31,
          v_misc_2, v_pattern_2, layout_vaults_chaotic_city, uniq_sojobo,
          uniq_saint_roka, uniq_mennas

Skill      XL: |  1  2  3  4  5  6  7  8  9 10 11 12 13 14 15 16 17 18 19 20 21 22 |
---------------+-------------------------------------------------------------------+-----
Conjurations   | 1 2 3 4 5 |  5.6
Fire Magic     | 1 3 5 |  5.0
Air Magic      | 1 2 5 |  5.0
Shields        | 2 5 7 10 13 14 15 | 15.0
Dodging        | 3 5 7 8 |  8.0
Fighting       | 4 6 7 9 10 | 10.0
Armour         | 4 6 8 9 10 | 10.0
Spellcasting   | 4 6 7 8 12 14 | 14.0
Necromancy     | 1 4 6 10 11 13 14 16 17 18 | 18.7
Long Blades    | 2 4 |  4.0
Transmutations | 5 6 8 10 11 12 | 12.8
Earth Magic    | 7 9 10 12 15 17 18 | 18.0
Charms         | 4 6 |  6.0
Ice Magic      | 4 6 |  6.0
Stealth        | |  2.4
Summonings     | |  1.0
Translocations | |  0.8

Action                   |  1- 3 |  4- 6 |  7- 9 | 10-12 | 13-15 | 16-18 | 19-21 | 22-24 || total
-------------------------+-------+-------+-------+-------+-------+-------+-------+-------++-------
Melee: Short sword       |    14 |    32 |       |       |    60 |    23 |       |       ||   129
       Quarterstaff      |       |    13 |    18 |       |       |       |       |       ||    31
       Hunting sling     |       |     1 |       |       |       |       |       |       ||     1
       Dire flail        |       |       |   153 |    33 |       |       |       |       ||   186
       Spear             |       |       |    12 |       |       |       |       |       ||    12
       Double sword      |       |       |       |   192 |   640 |   698 |   177 |    52 ||  1759
       Flail             |       |       |       |       |       |       |     3 |       ||     3
 Fire: Hunting sling     |       |    16 |   192 |    96 |    12 |    47 |       |       ||   363
       Hand crossbow     |       |       |       |       |    50 |   210 |   601 |    94 ||   955
Throw: Stone             |     2 |       |       |       |       |       |       |       ||     2
       Dart              |       |       |     2 |       |       |       |       |       ||     2
 Cast: Magic Dart        |    69 |   130 |    50 |    27 |     9 |       |       |       ||   285
       Conjure Flame     |       |     3 |    22 |    23 |    61 |    61 |    15 |     4 ||   189
       Mephitic Cloud    |       |     5 |    36 |    46 |    91 |    53 |     2 |     3 ||   236
       Dispel Undead     |       |       |       |       |    17 |    32 |    13 |     2 ||    64
       Vampiric Draining |       |       |       |       |    56 |    97 |       |       ||   153
       Borgnjor's Vile C |       |       |       |       |       |   115 |   297 |    60 ||   472
       Ozocubu's Armour  |       |       |       |       |       |     9 |    17 |     4 ||    30
       Sublimation of Bl |       |       |       |       |       |    18 |    57 |    15 ||    90
Invok: Receive Necronomi |       |       |       |       |     1 |       |       |       ||     1
       Renounce Religion |       |       |       |       |     1 |       |       |       ||     1
       Potion Petition   |       |       |       |       |       |       |     3 |       ||     3
 Abil: Dig               |       |     4 |    10 |    25 |    31 |    10 |    10 |       ||    90
       Shaft Self        |       |       |       |       |       |       |     2 |       ||     2
Evoke: Wand              |       |       |       |       |       |     2 |     1 |       ||     3
  Use: Scroll            |       |       |     6 |     5 |     8 |    18 |     2 |       ||    39
       Potion            |       |       |     3 |     2 |     8 |     3 |     3 |     1 ||    20
 Stab: Sleeping          |     1 |       |     1 |     9 |       |     1 |       |       ||    12
       Confused          |       |     1 |     4 |     8 |    17 |     9 |       |       ||    39
       Distracted        |       |       |       |       |     1 |       |     1 |     2 ||     4
  Eat: Chunk             |     2 |     8 |    13 |    19 |     9 |       |       |       ||    51
       Ration            |       |       |     1 |       |     9 |    15 |     7 |     1 ||    33
Armor: Robe              |     3 |    10 |    52 |    20 |       |       |       |       ||    85
       Troll leather arm |       |       |       |    24 |   287 |   226 |    91 |    23 ||   651
Dodge: Dodged            |    21 |    49 |   172 |   181 |   577 |   586 |   302 |    65 ||  1953
Block: Buckler           |       |       |    39 |    42 |   327 |    98 |       |       ||   506
       Reflection        |       |       |       |       |     1 |    10 |    78 |    14 ||   103
       Kite shield       |       |       |       |       |       |   492 |   369 |    71 ||   932
       Rpst.: Double sword |       |       |       |    39 |   119 |   132 |    25 |    10 ||   325
